 Dungeon Crawl Stone Soup version 0.27.1-3-gb3d3a73c9e (webtiles) character file.

Game seed: 12492036811677819539

3 Atelerd the Digger (level 1, -3/11 HPs)
             Began as an Octopode Earth Elementalist on Oct 10, 2021.
             Slain by a goblin (4 damage)
             ... on level 1 of the Dungeon.
             The game lasted 00:00:10 (283 turns).

Atelerd the Digger (Octopode Earth Elementalist)     Turns: 283, Time: 00:00:11

Health: -3/11      AC:  1    Str:  7    XL:     1   Next: 50%
Magic:  1/3        EV: 13    Int: 17    God:
Gold:   19         SH:  0    Dex: 18    Spells: 3/4 levels left

rFire    . . .     SeeInvis .   (no weapon)
rCold    . . .     Faith    .   (no shield)
rNeg     . . .     Spirit   .   (helmet restricted)
rPois    .         Reflect  .   (no amulet)
rElec    .         Harm     .   d - +6 ring of dexterity
rCorr    .         Rampage  .   (no ring)
Will     .....                  (no ring)
Stlth    +++.......             (no ring)
HPRegen  0.03/turn              (no ring)
MPRegen  0.08/turn              (no ring)
                                (no ring)
                                (no ring)

@: no status effects
A: almost no armour, amphibious, 8 rings, camouflage 1, gelatinous body 1,
(nimble swimmer 1), tentacles
a: no special abilities


You were on level 1 of the Dungeon.
You visited 1 branch of the dungeon, and saw 1 of its levels.

You collected 19 gold pieces.

Inventory:

Missiles
 b - 42 stones
Jewellery
 d - a +6 ring of dexterity (left tentacle)
Scrolls
 a - a scroll of amnesia {unknown}
Potions
 c - a potion of might {unknown}


   Skills:
 + Level 2.0 Dodging
 + Level 2.6 Stealth
 + Level 2.0 Spellcasting
 + Level 1.0 Transmutations
 + Level 3.2 Earth Magic


You had 3 spell levels left.
You knew the following spells:

 Your Spells              Type           Power      Damage    Failure   Level
a - Sandblast             Erth           24%        2d8       4%          1

Your spell library contained the following spells:

 Spells                   Type           Power      Damage    Failure   Level
 Passwall                 Tmut/Erth      6%         N/A       12%         2
 Stone Arrow              Conj/Erth      14%        3d7       30%         3
 Petrify                  Tmut/Erth      8%         N/A       63%         4


Dungeon Overview and Level Annotations

Branches:
Dungeon (1/15)

Altars:


Innate Abilities, Weirdness & Mutations

You cannot wear most types of armour.
You are amphibious.
You can wear up to eight rings at the same time.
Your skin changes colour to match your surroundings (Stealth+).
Your rubbery body absorbs attacks. (AC +1, EV +1)
((You are camouflaged near water. (Stealth+)))
You have tentacles for arms and can constrict up to eight enemies at once.


Message History

A goblin comes into view. It is wielding a +0 club.
You feel agile.
d - a +6 ring of dexterity (left tentacle)
A goblin is nearby!
A kobold comes into view. It is wielding a +0 club.
The kobold shouts!
You hear a shout!
The goblin shouts!
The kobold throws a stone.
The stone hits you but does no damage.
You hear a shout! x2
There are monsters nearby!
A goblin, a hobgoblin and a dart slug come into view.
The kobold barely misses you.
There are monsters nearby!
You closely miss the kobold. You grab the kobold.
You constrict the kobold, but do no damage.
The kobold hits you with a +0 club.
A goblin comes into view. It is wielding a +0 dagger.
There are monsters nearby!
There are monsters nearby!
You tentacle-slap the kobold but do no damage.
You constrict the kobold. The kobold barely misses you.
You tentacle-slap the kobold but do no damage.
You squeeze the kobold.
You kill the kobold!
The goblin misses you.
The blast of sand hits the hobgoblin!
You kill the hobgoblin!
The goblin hits you with a +0 club.
* * * LOW HITPOINT WARNING * * *
You are too injured to fight recklessly!
You are too injured to fight recklessly!
You are too injured to fight recklessly!
Unknown command.
Casting: Sandblast (safe; 4% risk of failure)
Confirm with . or Enter, or press ? or * to list all spells.
Aiming: Sandblast (safe; 4% risk of failure)
Press: ? - help, Shift-Dir - straight line, f - goblin
Aim: a goblin, wielding a +0 club (74% to hit)
The blast of sand misses the goblin.
The goblin barely misses you. The goblin hits you with a +0 dagger.
You die...

.. #.# ##.#
# .#.. #.
.g# .. ..#
#.###.#
#wg@g.#
#g###.# ..
#...#
#.###.###
#. # #...#
##..###.)##
.........#
##
#.####..#
.# ##
#......##
#.# .#.


You could see a dart slug and 3 goblins.

Vanquished Creatures
  2 hobgoblins (D:1)
  A kobold (D:1)
3 creatures vanquished.

Notes
Turn   | Place    | Note
-------+----------+-------------------------------------------
     0 | D:1      | Atelerd the Octopode Earth Elementalist began the quest for
                  | the Orb.
     0 | D:1      | Reached XP level 1. HP: 11/11 MP: 3/3
   283 | D:1      | Slain by a goblin

Illustrated notes

Levels and vault maps discovered:
D:1:      minmay_arrival_solitary_statue, layout_loops_ring, minmay_quantized

Action                   || total
-------------------------++-------
Melee: Unarmed           ||     6
       Constrict         ||     2
       Tentacles         ||     1
 Cast: Sandblast         ||     4
 Stab: Sleeping          ||     1
Armor: Skin              ||     2
Dodge: Dodged            ||     5
